Cogmind - Beta 16 @@@ ROGUE MODE // 2025.10.27 @ 23:18:13 Player: Air Result: Smashed by cave-in Performance ------------- Evolutions (0) 0 Regions Visited (2) 400 Robots Destroyed (16) 80 Value Destroyed (340) 340 Prototype IDs (0) 0 Alien Tech Used (0) 0 Bonus (0) 0 TOTAL SCORE: 820 Bonus ------- None Cogmind --------- Core Integrity 0/250 Matter 270/300 Energy 48/100 System Corruption 8% Temperature Cool (0) Movement Core (800) Ox15 Location -10/Mines Parts ------- > --- POWER (1) -------- (None) > --- PROPULSION (2) --- Light Treads > --- UTILITY (2) ------ High-capacity Storage Unit Hardlight Generator > --- WEAPON (2) ------- Katana > --- INVENTORY (20) --- Light Treads Aluminum Leg Aluminum Leg Titanium Leg Wheel Armored Wheel Armored Wheel Heat Sink Small Storage Unit High-capacity Storage Unit Structural Scanner Reactive Plating Assault Rifle Assault Rifle Light Assault Rifle Heavy Assault Rifle Heavy Assault Rifle Peak State ------------ > --- POWER ------------ Ion Engine > --- PROPULSION ------- Armored Wheel Armored Wheel > --- UTILITY ---------- High-capacity Storage Unit Hardlight Generator > --- WEAPON ----------- EM Shotgun EM Shotgun > --- INVENTORY -------- Light Ion Engine Light Treads Light Treads Aluminum Leg Aluminum Leg Titanium Leg Wheel Armored Wheel Armored Wheel Heat Sink Small Storage Unit High-capacity Storage Unit Structural Scanner Reactive Plating Assault Rifle Assault Rifle Light Assault Rifle Heavy Assault Rifle Heavy Assault Rifle Katana [Rating: 16] Favorites ----------- Power Ion Engine Engine Ion Engine Propulsion Armored Wheel Treads Light Treads Leg Titanium Leg Wheel Armored Wheel Flight Unit Flight Unit Utility High-capacity Storage Unit Device Heat Sink Storage High-capacity Storage Unit Weapon EM Shotgun Energy Gun EM Shotgun Ballistic Gun Light Assault Rifle Special Weapon Plasma Cutter Slashing Weapon Katana Build | -11 -10 -10 ------- Run | Yrd Mat Min Slots Evolved . | . . . Power . | . . . Propulsion . | . . . Utility . | . . . Weapon . | . . . Parts Attached 25 | 6 14 5 Power 3 | 1 1 1 Engine 3 | 1 1 1 Core . | . . . Reactor . | . . . Propulsion 9 | 2 5 2 Treads 1 | . . 1 Leg 1 | . . 1 Wheel 4 | 2 2 . Hover . | . . . Flight 3 | . 3 . Utility 5 | 1 3 1 Device 3 | . 2 1 Storage 2 | 1 1 . Processor . | . . . Hackware . | . . . Protection . | . . . Artifact . | . . . Weapon 8 | 2 5 1 Energy Gun 3 | 1 2 . Energy Cannon . | . . . Ballistic Gun 3 | 1 2 . Ballistic Cannon . | . . . Launcher . | . . . Special Weapon 1 | . 1 . Impact Weapon . | . . . Slashing Weapon 1 | . . 1 Piercing Weapon . | . . . Special Melee Weapon . | . . . Unidentified Prototypes . | . . . Parts Lost 9 | . 3 6 Power 2 | . . 2 Propulsion 4 | . 2 2 Utility . | . . . Weapon 3 | . 1 2 Highest Loss Streak 6 | . 3 6 To Critical Strikes . | . . . Average Backups 15 | 4 15 19 Power 1 | . 1 1 Propulsion 6 | 2 6 7 Utility 2 | . 2 3 Weapon 5 | 1 5 6 Tool/Special . | . . . Unused Backups 12 | . 1 11 Power . | . . . Propulsion 5 | . . 5 Utility 3 | . . 3 Weapon 4 | . 1 3 Tool/Special . | . . . Average Slot Usage (%) 98 | . 98 100 Engine 14 | . 14 14 Wheel 25 | . 25 28 Flight 2 | . 2 . Device 13 | . 13 14 Storage 14 | . 14 14 Energy Gun 23 | . 23 26 Ballistic Gun 3 | . 3 . Peak Build Rating 16 | 6 13 16 Average Rating 11 | 2 11 14 On Entrance 6 | . 6 13 Avg Prop Armor Cover (%) 16 | . . 16 Naked Turns . | . . . Heaviest Build 56 | 12 52 56 Greatest Support 26 | 26 26 24 Greatest Overweight (x) 15 | . 15 4 Average Overweight (x) 1 | . 1 2 Largest Inventory Capacity 20 | 8 20 20 Average Capacity 18 | 6 19 20 Most Carried 20 | 8 19 20 Average Carried 15 | 5 16 19 Final Capacity 20 | 8 20 20 Final Carried 19 | 6 19 17 Class Distribution -------------------- 100% | Mutant Dominant Class ---------------- Mutant | -10/Materials Mutant | -10/Mines Resources | -11 -10 -10 ----------- Run | Yrd Mat Min Matter Collected 386 | 194 192 . Remotely . | . . . Salvage Created 546 | . 546 . Parts 37 | . 37 . Haulers Intercepted 1 | . 1 . Recyclers Shooed . | . . . Parts Field Recycled . | . . . Retrieved Matter . | . . . Parts Self-Destructed . | . . . Prevented . | . . . Parts Restored . | . . . Kills | -11 -10 -10 ------- Run | Yrd Mat Min Combat Hostiles Destroyed 12 | . 12 . Guns 12 | . 12 . Classes Destroyed 4 | . 4 . Hauler 1 | . 1 . Watcher 3 | . 3 . Swarmer 6 | . 6 . Grunt 6 | . 6 . Best Kill Streak 5 | . 5 . Combat Bots Only 5 | . 5 . Max Kills in Single Turn 1 | . 1 . Gunslinging . | . . . Exploded . | . . . Melee . | . . . Uniques/NPCs Destroyed . | . . . Combat | -11 -10 -10 -------- Run | Yrd Mat Min Hostile Shots Fired 60 | . 46 14 Missed 20 | . 16 4 Hits 40 | . 30 10 Projectile 40 | . 30 10 AOE 13 | . . 13 Damage Taken 1019 | . 343 676 Core 299 | . 34 265 Absorbed by Shields . | . . . Core Remaining (%) 100 | 100 . . Volleys Fired 44 | . 40 4 Largest 2 | . 2 2 Hottest 90 | . 90 90 Shots Fired 73 | . 67 6 Gun 68 | . 62 6 Cannon . | . . . Launcher . | . . . Special 5 | . 5 . Kinetic 1 | . 1 . Thermal 5 | . 5 . Explosive . | . . . Electromagnetic 67 | . 61 6 Robot Hit Streak 6 | . 6 4 Robot Miss Streak 5 | . 5 2 Penetration Max . | . . . Secondary Targets 1 | . 1 . Max Gunslinging Chain 1 | . 1 . Shots Hit Robots 49 | . 43 6 Core Hits 26 | . 26 . Critical Kills . | . . . Critical Parts Destroyed . | . . . Critical Strikes 1 | . . 1 Sever 1 | . . 1 Melee Attacks 1 | . . 1 Impact . | . . . Slashing 1 | . . 1 Piercing . | . . . Sneak Attacks . | . . . Combat Hostiles . | . . . Follow-up Attacks . | . . . Damage Inflicted 684 | . 586 98 Guns 640 | . 574 66 Cannons . | . . . Explosions . | . . . Melee 32 | . . 32 Ramming . | . . . Kinetic . | . . . Thermal 12 | . 12 . Explosive . | . . . Electromagnetic 640 | . 574 66 Impact . | . . . Slashing 32 | . . 32 Piercing . | . . . Highest Corruption . | . . . Average Corruption . | . . . Corruption Purged . | . . . Corruption Blocked . | . . . Overload Shots . | . . . Overflow Damage . | . . . Projectiles . | . . . Explosions . | . . . Melee . | . . . Knockbacks . | . . . Impact . | . . . Kinetic . | . . . Secondary . | . . . Self-Inflicted Damage . | . . . Shots . | . . . Rammed . | . . . Targets Rammed . | . . . Kicked . | . . . Crushed . | . . . Highest Temperature 294 | . 294 60 Average Temperature 94 | . 102 34 Received Heat Transfer 135 | . 135 . Siege Activations . | . . . Martial Activations . | . . . Shielding Activations . | . . . Robots Disrupted . | . . . Combat Hostiles . | . . . Robots Corrupted . | . . . Combat Hostiles . | . . . Parts Fried . | . . . Impact Corruptions . | . . . Robots Melted . | . . . Combat Hostiles . | . . . Parts Melted . | . . . Heat Transferred 37 | . 37 . Parts Sabotaged . | . . . Parts Stolen . | . . . Parts Stripped . | . . . Power Chain Reactions . | . . . Alert | -11 -10 -10 ------- Run | Yrd Mat Min Maximum Alert Level . | . . . Low Security (%) 100 | 100 100 100 Level 1 . | . . . Level 2 . | . . . Level 3 . | . . . Level 4 . | . . . Level 5 . | . . . High Security . | . . . Max Security . | . . . Peak Influence 145 | . 145 . Initial . | . . . Average 44 | . 49 . Influence Increases 432 | . 432 . Destroy 0b10 Robot/C 240 | . 240 . Destroy 0b10 Robot/NC 20 | . 20 . Destroy Leader 58 | . 58 . Successful Hack 9 | . 9 . Partial Spotted 15 | . 15 . Lose Combat Pursuer 90 | . 90 . Influence Decreases 432 | . 432 . Time Decay 402 | . 402 . Lost Part 30 | . 30 . Squads Dispatched 2 | . 1 1 Investigation 2 | . 1 1 Extermination . | . . . Reinforcement . | . . . Assault . | . . . Garrison . | . . . Intercept . | . . . Searches Triggered . | . . . Construction Impeded . | . . . Haulers Reinforced . | . . . Active Scanning Responses . | . . . Cargo Convoy Interrupts . | . . . Stealth | -11 -10 -10 --------- Run | Yrd Mat Min Distress Signals 1 | . 1 . Communications Jammed . | . . . Distress Signals . | . . . Times Spotted 24 | . 23 1 Peak Tracking Total 5 | . 5 1 Tactical Retreats 4 | . 4 . Traps | -11 -10 -10 ------- Run | Yrd Mat Min Traps Triggered . | . . . Indirectly . | . . . Trap Hack Attempts . | . . . Triggered . | . . . Disarmed . | . . . Reprogrammed . | . . . Reused . | . . . Traps Extracted . | . . . Installed . | . . . Triggered . | . . . Machines | -11 -10 -10 ---------- Run | Yrd Mat Min Machines Disabled . | . . . Max in Single Turn . | . . . Machines Repaired . | . . . Machines Dismantled . | . . . Machines Sabotaged . | . . . Overloaded Fab Kills . | . . . Hacking | -11 -10 -10 --------- Run | Yrd Mat Min Machines Accessed 9 | . 8 1 Terminals 7 | . 7 . Fabricators . | . . . Repair Stations . | . . . Recycling Units 1 | . 1 . Scanalyzers . | . . . Garrison Access . | . . . Total Hacks 12 | . 11 1 Successful 8 | . 7 1 Failed 4 | . 4 . Catastrophic 1 | . 1 . Database Lockouts . | . . . Manual 10 | . 10 . Terminals 10 | . 10 . Fabricators . | . . . Repair Stations . | . . . Recycling Units 1 | . 1 . Scanalyzers . | . . . Garrison Access . | . . . Terminal Hacks 1 | . . 1 Open Door 1 | . . 1 Fabricator Hacks . | . . . Repair Station Hacks . | . . . Recycling Unit Hacks 1 | . 1 . Report Inventory 1 | . 1 . Scanalyzer . | . . . Garrison Access Hacks . | . . . Unauthorized Hacks 6 | . 6 . Terminals 6 | . 6 . Botnet 6 | . 6 . Fabricators . | . . . Repair Stations . | . . . Recycling Units . | . . . Scanalyzers . | . . . Garrison Access . | . . . Data Cores Recovered . | . . . Used . | . . . Hacking Detections 6 | . 6 . Full Trace Events . | . . . Feedback Events . | . . . Feedback Blocked . | . . . Robot Schematics Acquired . | . . . Robots Built . | . . . Authchips . | . . . Time . | . . . Total Robot Build Rating . | . . . Part Schematics Acquired . | . . . Parts Built . | . . . Authchips . | . . . Time . | . . . Total Part Build Rating . | . . . Part Studies Acquired . | . . . Parts Repaired . | . . . Time . | . . . Parts Recycled . | . . . Recycled Matter . | . . . Retrieved Matter . | . . . Retrieved Components . | . . . Parts Scanalyzed . | . . . Part Schematics Acquired . | . . . Parts Damaged . | . . . Bothacking | -11 -10 -10 ------------ Run | Yrd Mat Min Used RIF Installer . | . . . Robots Hacked . | . . . Non-combat . | . . . Combat . | . . . Robot Hacks Applied . | . . . Relay Couplers Released . | . . . Fabnet Peak Effective % . | . . . Robots Rewired . | . . . Allies Hacked . | . . . Hacks Repelled . | . . . Allies | -11 -10 -10 -------- Run | Yrd Mat Min Total Allies . | . . . Largest Group . | . . . Highest-Rated Group . | . . . Highest-Rated Ally . | . . . Total Orders . | . . . Ally Attacks . | . . . Total Damage . | . . . Kills . | . . . Allies Corrupted . | . . . Allies Melted . | . . . Intel | -11 -10 -10 ------- Run | Yrd Mat Min Active Infowar (turns) 666 | . 666 . Structural 666 | . 666 . Robot Analysis Total . | . . . Derelict Logs Recovered 1 | . . 1 Drone Launches . | . . . Drone Recoveries . | . . . Exploration | -11 -10 -10 ------------- Run | Yrd Mat Min Turns Passed 1515 | 62 1373 80 Spaces Moved 745 | 53 645 47 Core 4 | 3 1 . Treads . | . . . Legs . | . . . Wheels 720 | 50 623 47 Hover . | . . . Flight 21 | . 21 . Fastest Speed 50 | 50 90 120 Average Speed 122 | 87 125 121 Slowest Speed 925 | 90 925 150 Overloaded Moves . | . . . Propulsion Burnouts . | . . . Robots Hopped . | . . . Potential Cave-ins . | . . . Cave-ins Triggered 1 | . . 1 Exploration Rate (%) 37 | 4 93 16 Regions Visited 2 Branch Regions 1 Pre-discovered Areas . | . . . Known Exits Taken . | . . . Unknown Exits Taken 2 | 1 1 . Scrap Searched . | . . . Spaces Dug . | . . . Terrain Destroyed . | . . . Melee . | . . . Projectile . | . . . AOE . | . . . Terrain Rammed . | . . . Walls Destroyed . | . . . Machines Disabled . | . . . Actions | -11 -10 -10 --------- Run | Yrd Mat Min Total 1261 | 66 1130 65 Wait 416 | . 416 . Move 743 | 52 644 47 Hop . | . . . Pick Up 24 | 8 12 4 Fast Attach 10 | 4 6 . Attach 5 | 2 . 3 Detach . | . . . Swap 11 | . 8 3 Drop 7 | . 4 3 Fire 44 | . 40 4 Melee 1 | . . 1 Ram . | . . . Kick . | . . . Crush . | . . . Escape Stasis . | . . . Rewire . | . . . Trap . | . . . Miscellaneous . | . . . Route ------- -11/Scrapyard -10/Materials (discovered 4 exits: [*Mat x2] / *Min x2) -10/Mines (discovered 1 exit: Exi) History --------- Turn | Location | Event 10 | -11/Scrapyard | Discovered new exit (range 14) 63 | -11/Scrapyard | Entered Materials 142 | -10/Materials | Discovered new exit (range 14) 212 | -10/Materials | Discovered new exit (range 11) 295 | -10/Materials | Lost 3 parts (2n1w) 327 | -10/Materials | Build established: Mutant 344 | -10/Materials | Discovered new exit (range 16) 911 | -10/Materials | Discovered new exit (range 8) 1436 | -10/Materials | Entered Mines 1445 | -10/Mines | Identified exit to Exiles 1465 | -10/Mines | Met a Derelict shopkeep closing up shop 1513 | -10/Mines | Core integrity fell below 50% 1517 | -10/Mines | Crushed by falling debris 1517 | -10/Mines | Smashed by cave-in Last Messages --------------- 01481_ Acquired Reactive Plating. 01483_ Dropped Flail. 01484_ Acquired Katana. 01487_ WL-EGV(g) destroyed. 01489_ YI-UF0 mumbles something. 01500_ R-06 Scavenger destroyed. 01500_ SHOP.Sys disabled. 01504_ EM Shotgun destroyed. 01505_ The unstable cave ceiling collapses. 01510_ Arm. Wheel destroyed. 01510_ Ion Engine destroyed. 01512_ EM Shotgun destroyed. 01514_ The unstable cave ceiling collapses. 01516_ YI-UF0 Prototype Storage severed. 01517_ The unstable cave ceiling collapses. 01517_ Crushed by falling debris. 01517_ Arm. Wheel destroyed. 01517_ System corrupted by crushing effect (+3). 01517_ Lgt. Ion Engine destroyed. 01517_ System corrupted by crushing effect (+5). Map ----- +----------------------------------------------------+ | ??????????????????????????????????????????? | | ??????????????????????????????????????????? | | ????????????????????????#?????????????????? | | ???????????????????????? #####????????????? | | ????????????????????????? #????????????? | | ????????????????????????? #????????????? | | ?????????????????????????? #????????????? | | ?????????????????????????? #????????????? | | ??????????????????????????# #????????????? | | ??????????????????????????# #????????????? | | ??????????????????????????#% #????????????? | | ??????????????????????#### =##???????????? | | ??????????????????##### #??????????? | | ?????????????????##""# ! ##?????????? | | ?????????????????#" ! % ##????????? | | ?????????????????#" % ##???????? | | ?????????????????#" ########? | | ?????????????????#"! / #? | | ?????????????????##"" # #? | | ??????????????????#### #### #? | | ????????????####### #??# #? | | ????????????# ##??# #? | | ????????????# ##???# #? | | ?????????# $# ##????# #? | | ?????????# ???# g ##????# #? | | ?????????#??????# @ #????# #? | | ????????????????### #????# #? | | ??????????????????# ##????? #? | | ??????????????????## ##?????? #? | | ?????????????????? #??????? #? | | ???????????????? ?????? #? | | ?????????????? ### #???? ?? | | ????????????? #### #???#???? ?? | | ?????????????## ???### ???????? ?? | | ??????????????##### ?????? #??????????? | | ??????????????????##??????? #??????????? | | ??????????????????????????? #??????????? | | ??????????????????????????? ??????????? | | ??????????????????????????? =#??????????? | | ???????????????????????????? ????????????? | | ??????????????????????????????????????????? | | ??????????????????????????????????????????? | | ??????????????????????????????????????????? | | ??????????????????????????????????????????? | | ??????????????????????????????????????????? | | ??????????????????????????????????????????? | | ??????????????????????????????????????????? | | ??????????????????????????????????????????? | | ??????????????????????????????????????????? | | ??????????????????????????????????????????? | +----------------------------------------------------+ Best States ------------- Heat Dissipation 35 Energy Generation 10 Energy Capacity 250 Matter Stores 300 Matter Capacity 300 Sight Range 16 Terrain Scan Density 10 Evasion (%) 44 Item Schematics ----------------- None Robot Schematics ------------------ None Fabricated ------------ Nothing Repaired ---------- Nothing Studied --------- None Alien Tech Used ----------------- None Achievements -------------- None Challenges ------------ None Game ------ Seed BurstDisassembledProjector Manual? 0 Play Time 00:15:18 Cumulative 16.0 hours Start 2025.10.27 @ 23:05:13 End 2025.10.27 @ 23:18:13 Sessions 1 Manual Loads 0 Difficulty Rogue Special Mode None Game No. 17 Rogue 17 Adventurer 0 Explorer 0 Win Type - Total 0 Types 0/0/0/0/0/0/0/0/0/0 Lore% 18 Gallery% 18 Achievement% 15 Wizard Run 0 Options --------- Layout 1 ASCII 0 Keyboard 0 Movement Mouse Keybinds 0 Fullscreen 1 Font 16/SmallcapsGlow Map View 55x38 Zoom Use 0% Tactical HUD 1 Map Filters NONE Filters NONE Steam 1 RUN: f7be49d2-8ff0-4fea-ae6b-fcf1a1468b1b